 Dungeon Crawl Stone Soup version 0.22-a0-580-gd5db89c (webtiles) character file.

131 Hebeh the Skirmisher (level 4, -10/41 HPs)
             Began as a Minotaur Fighter on July 2, 2018.
             Mangled by a gnoll
             ... wielding a +0 flail
              (11 damage)
             ... on level 3 of the Dungeon.
             The game lasted 00:04:38 (1761 turns).

Hebeh the Skirmisher (Minotaur Fighter)             Turns: 1761, Time: 00:04:39

Health: -10/41     AC:  5    Str: 21    XL:     4   Next: 91%
Magic:  3/3        EV:  7    Int:  5    God:
Gold:   137        SH:  9    Dex: 10    Spells: 3/3 levels left

rFire    + . .     SeeInvis .   a - +0 war axe
rCold    . . .     Gourm    .   c - +0 shield
rNeg     . . .     Faith    .   b - +0 scale mail
rPois    .         Spirit   .   (helmet restricted)
rElec    .         Reflect  .   (no cloak)
rCorr    .         Harm     .   (no gloves)
MR       .....                  h - -2 pair of boots (curse)
Stlth    ..........             (no amulet)
HPRegen  0.13/turn              i - ring of protection from cold
MPRegen  0.08/turn              l - ring of fire

@: heavily drained
A: retaliatory headbutt, horns 2
a: no special abilities


You were on level 3 of the Dungeon.
You were not hungry.

You visited 1 branch of the dungeon, and saw 3 of its levels.

You collected 137 gold pieces.

Inventory:

Hand Weapons
 a - a +0 war axe (weapon)
Missiles
 k - 19 sling bullets
Armour
 b - a +0 scale mail (worn)
 c - a +0 shield (worn)
 h - a cursed -2 pair of boots (worn)
Jewellery
 i - a ring of protection from cold (left hand)
 l - a ring of fire (right hand)
Scrolls
 e - 3 scrolls of teleportation
 g - a scroll of fear {unknown}
 n - 2 scrolls of remove curse {unknown}
Potions
 d - 2 potions of might
 j - a potion of curing {unknown}
 o - a potion of haste {unknown}
Comestibles
 f - 6 rations
 m - 4 chunks of flesh


   Skills:
 + Level 4.4(2.8) Fighting
 * Level 4.4(2.7) Axes
 + Level 4.4(2.7) Armour
 + Level 4.4(2.8) Shields


You had 3 spell levels left.
You didn't know any spells.
Your spell library was empty.

Dungeon Overview and Level Annotations

Branches:
Dungeon (3/15)

Altars:
Ashenzari


Innate Abilities, Weirdness & Mutations

You reflexively headbutt those who attack you in melee.
You have a pair of horns on your head.


Message History

The gnoll hits you with a spear! You block the gnoll's attack.
The gnoll hits you but does no damage. The gnoll hits you with a spear.
You hit the gnoll.
The gnoll is heavily wounded.
The gnoll hits you but does no damage. The gnoll barely misses you.
You closely miss the gnoll.
The gnoll is heavily wounded.
The gnoll hits you with a spear. The gnoll closely misses you.
The gnoll hits you but does no damage. The gnoll hits you with a spear.
The gnoll hits you with a flail!
* * * LOW HITPOINT WARNING * * *
You are too injured to fight recklessly!
You are too injured to fight recklessly!
You are too injured to fight recklessly!
The gnoll hits you from afar with a spear.
* * * LOW HITPOINT WARNING * * *
The gnoll hits you from afar with a spear.
* * * LOW HITPOINT WARNING * * *
The gnoll hits you with a flail!
You die...

###..##.#.......##...
#.......#.....###.#
.#######.#####.......##..#
...โ‰ˆโ‰ˆโ‰ˆ...#
##.#...###.## ########.##
#.##### #รท# #..## #.# #.#
#...# ... #.# ##.## .....
#.# #@# #.....# #.#
####g###.....# ##.##
#g.g.........# #....
#(##.##.###### #..## #.
..# # #..## # ####
#####.... #...#.##.
###...#.##. #..........


You could see 2 gnolls.

Vanquished Creatures
  5 adders (D:2)
  2 oozes (D:2)
  A worm (D:2)
  3 dart slugs
  3 leopard geckos
  3 bats
  A giant cockroach (D:2)
  8 goblins
  9 hobgoblins
  10 jackals
  6 kobolds
  2 quokkas (D:2)
  A frilled lizard (D:2)
  6 rats
60 creatures vanquished.

Notes
Turn   | Place    | Note
-------+----------+-------------------------------------------
     0 | D:1      | Hebeh the Minotaur Fighter began the quest for the Orb.
     0 | D:1      | Reached XP level 1. HP: 19/19 MP: 0/0
   161 | D:1      | Reached XP level 2. HP: 27/27 MP: 1/1
   632 | D:1      | Found a shattered altar of Ashenzari.
   766 | D:2      | Reached XP level 3. HP: 33/33 MP: 2/2
   951 | D:2      | Reached XP level 4. HP: 36/40 MP: 3/3
  1760 | D:3      | HP: 1/41 [gnoll/spear (3)]
  1761 | D:3      | Mangled by a gnoll

Vault maps used:
D:1:      minmay_arrival_open_corners, ashenzari_altar_1
D:2:      first_ration
D:3:      chequers_ecumenical_altar_lobes, gammafunk_ghost_cemetery,
          corexii_corridor_pit, kennysheep_generic_room_16

Skill      XL: |  1  2  3  4 |
---------------+-------------+-----
Axes           | 3 4 |  4.4
Shields        | 4 |  4.4
Fighting       | 4 |  4.4
Armour         | 4 |  4.4

Action                   |  1- 3 |  4- 6 || total
-------------------------+-------+-------++-------
Melee: War axe           |    71 |    54 ||   125
       Headbutt          |     9 |     4 ||    13
  Use: Scroll            |       |     1 ||     1
  Eat: Chunk             |       |     3 ||     3
Armor: Scale mail        |    32 |    33 ||    65
Dodge: Dodged            |    18 |    21 ||    39
Block: Shield            |    36 |    30 ||    66

Table legend:
 A = Spawn XP
 B = Non-spawn XP
 C = Spawn XP percentage of total XP
 D = Spawn monster count
 E = Non-spawn monster count
 F = Spawn count percentage of total count
 G = Total turns spent on level
                    A         B        C        D         E        F      G
               +---------+---------+-------+---------+---------+-------+---------
         Total |       0 |     188 |   0.0 |       0 |      60 |   0.0 |  1761
               +---------+---------+-------+---------+---------+-------+---------
           D:1 |       0 |      35 |   0.0 |       0 |      16 |   0.0 |   757
           D:2 |       0 |     136 |   0.0 |       0 |      35 |   0.0 |   897
           D:3 |       0 |      17 |   0.0 |       0 |       9 |   0.0 |   107
               +---------+---------+-------+---------+---------+-------+---------
